Map: Dusk Towers

Players

MinChul (MC) - Winner!

  • Race: Protoss Protoss

JimRising

  • Race: Zerg Zerg
  • League: Grandmaster

Event: Root's WW3

VOD

https://www.youtube.com/watch?v=moU2kjdJ9ZA

Description

Time

  • Played on: Dec. 11, 2015, 8:08 a.m.
  • Length: 7:34

All games in this series

Show
View Real Time Build Order
Export as new Build Order

MinChul Protoss - Winner!

Build Orders: Nexus First 

Get SALT Encoding   

  12  0:01  Probe (Chrono Boost)  
  13  0:11  Probe (Chrono Boost)  
  14  0:20  Pylon  
  14  0:22  Probe (Chrono Boost)  
  15  0:38  Probe (Chrono Boost)  
  16  0:49  Probe (Chrono Boost)  
  17  1:01  Nexus  
  17  1:05  Probe (Chrono Boost)  
  18  1:14  Gateway  
  18  1:17  Probe (Chrono Boost)  
  19  1:22  Assimilator  
  19  1:28  Probe (Chrono Boost)  
  19  1:31  Assimilator  
  20  1:38  Probe (Chrono Boost)  
  21  1:41  Pylon  
  21  1:49  Probe (Chrono Boost)  
  22  2:00  Probe (Chrono Boost)  
  22  2:01  Cybernetics Core  
  23  2:05  Zealot  
  25  2:11  Probe (Chrono Boost)  
  25  2:13  Probe (Chrono Boost)  
  27  2:22  Probe (Chrono Boost)  
  28  2:24  Probe (Chrono Boost)  
  29  2:32  Probe (Chrono Boost)  
  29  2:33  Probe (Chrono Boost)  
  31  2:37  Stalker (Chrono Boost)  
  31  2:38  Warp Gate  
  31  2:44  Probe, Pylon  
  34  2:46  Probe  
  35  2:56  Probe, Twilight Council  
  35  3:02  Probe  
  35  3:04  Stalker (Chrono Boost)  
  38  3:08  Probe  
  38  3:12  Mothership Core  
  39  3:16  Pylon  
  41  3:20  Probe  
  42  3:28  Resonating Glaives (Chrono Boost)  
  42  3:29  Adept (Chrono Boost)  
  42  3:31  Probe  
  42  3:32  Probe  
  46  3:42  Probe  
  46  3:44  Probe  
  46  3:45  Robotics Facility  
  46  3:48  Pylon  
  48  3:52  Probe  
  49  3:56  Probe  
  49  3:57  Sentry  
  52  4:03  Probe  
  52  4:08  Probe  
  52  4:09  Gateway x2  
  54  4:11  Gateway  
  54  4:14  Gateway  
  54  4:21  Assimilator  
  56  4:24  Assimilator  
  56  4:27  Probe x2  
  58  4:31  Warp Prism (Chrono Boost)  
  58  4:39  Probe x2  
  58  4:41  Pylon x2  
  58  4:44  Sentry  
  62  4:49  Blink  
  62  4:54  Probe x2  
  64  5:02  Pylon  
  64  5:04  Observer (Chrono Boost)  
  65  5:07  Pylon  
  65  5:11  Adept x3  
  65  5:12  Adept  
  65  5:13  Adept  
  75  5:18  Pylon  
  75  5:19  Pylon  
  75  5:23  Observer (Chrono Boost)  
  76  5:33  Adept x5  
  86  5:49  Nexus  
  74  5:58  Adept x4  
  74  6:03  Adept  
  82  6:13  Probe x2  
  82  6:17  Immortal (Chrono Boost)  
  80  6:23  Adept x3  
  80  6:24  Adept  
  86  6:29  Adept  
  76  6:44  Adept x5  
  86  6:51  Immortal (Chrono Boost)  
  86  6:53  Probe x2  
  80  7:07  Probe x2  
  78  7:11  Adept x5  
  86  7:21  Robotics Bay  
Show
View Real Time Build Order
Export as new Build Order

JimRising Zerg 

Build Orders: Hatch First 

Get SALT Encoding   

  12  0:01  Drone  
  13  0:12  Overlord  
  13  0:18  Drone  
  14  0:31  Drone x2  
  14  0:34  Drone  
  17  0:52  Hatchery  
  17  0:56  Drone  
  17  1:02  Drone  
  17  1:04  Extractor  
  17  1:14  Spawning Pool  
  17  1:17  Drone  
  17  1:20  Drone  
  18  1:28  Drone  
  19  1:39  Overlord  
  19  2:01  Queen  
  19  2:02  Zergling x2  
  19  2:05  Queen  
  19  2:06  Drone  
  19  2:07  Drone  
  26  2:08  Metabolic Boost  
  26  2:12  Drone  
  27  2:19  Drone  
  28  2:24  Drone  
  29  2:38  Hatchery  
  28  2:47  Drone x4  
  32  2:54  Overlord  
  32  2:57  Queen  
  34  3:00  Drone  
  35  3:20  Evolution Chamber, Drone x2  
  35  3:22  Drone x4  
  35  3:23  Drone x3  
  43  3:28  Overlord  
  43  3:37  Overlord  
  43  3:45  Queen  
  45  3:51  Roach Warren  
  45  3:54  Zergling x4  
  45  3:55  Zergling x10  
  51  4:03  Zerg Melee Weapons Level 1  
  51  4:04  Drone x2, Extractor  
  51  4:05  Drone  
  51  4:06  Drone  
  51  4:07  Drone  
  55  4:10  Overlord  
  55  4:14  Drone x2  
  55  4:16  Drone  
  58  4:19  Drone x2  
  61  4:24  Drone x3  
  61  4:26  Drone  
  61  4:30  Lair  
  64  4:33  Drone  
  65  4:39  Overlord x2  
  65  4:41  Drone x2  
  65  4:45  Overlord  
  67  5:00  Hatchery  
  67  5:05  Roach x7  
  80  5:09  Roach  
  80  5:10  Spore Crawler, Roach  
  82  5:15  Roach  
  82  5:16  Roach x2  
  82  5:18  Overlord  
  88  5:30  Overseer  
  88  5:33  Overlord x2, Zergling x2  
  88  5:34  Overlord  
  89  5:41  Roach  
  89  5:42  Zergling x12  
  97  5:49  Zergling x10  
  95  5:53  Queen  
  93  6:01  Zergling x6  
  93  6:02  Zergling x8  
  89  6:17  Zergling x12  
  71  6:29  Drone x4  
  71  6:30  Drone x3  
  69  6:39  Drone x2  
  69  6:46  Drone x2  
  69  6:52  Zergling x4  
  66  7:04  Drone x3  
  60  7:16  Drone x2  
Tags
 
Add a new tag
Caveats
  • Supply blocks, unpowered buildings, or Contaminate may cause inaccurate times.
  • Supply counts are checked every 10 seconds.